 Dungeon Crawl Stone Soup version 0.23-a0-183-gf37f6fb (webtiles) character file.

693 HerrDoktor the Cudgeler (level 7, -1/61 HPs)
             Began as a Minotaur Abyssal Knight on Sept 23, 2018.
             Was a Believer of Lugonu.
             Succumbed to a hornet's poison
             ... on level 5 of the Dungeon.
             The game lasted 00:17:25 (4098 turns).

HerrDoktor the Cudgeler (Minotaur Abyssal Knight)   Turns: 4098, Time: 00:17:26

Health: -1/61      AC:  9    Str: 17    XL:     7   Next: 37%
Magic:  7/7        EV:  9    Int:  9    God:    Lugonu [**....]
Gold:   285        SH:  4    Dex: 11    Spells: 6/6 levels left

rFire    + . .     SeeInvis .   a - +2 mace
rCold    . . .     Gourm    .   s - +0 buckler
rNeg     . . .     Faith    .   m - +0 scale mail
rPois    .         Spirit   .   (helmet restricted)
rElec    .         Reflect  .   k - +0 cloak
rCorr    .         Harm     .   n - +0 pair of gloves
MR       +....                  (no boots)
Stlth    ..........             (no amulet)
HPRegen  0.20/turn              w - ring of protection from magic
MPRegen  0.10/turn              l - ring of protection from fire

@: lethally poisoned (-1 -> -19), slowed, very slow
A: retaliatory headbutt, horns 2
a: Depart the Abyss, Bend Space, Renounce Religion


You were on level 5 of the Dungeon.
You worshipped Lugonu.
Lugonu was pleased with you.
You were not hungry.

You visited 1 branch of the dungeon, and saw 5 of its levels.
You visited the Abyss 1 time.

You collected 285 gold pieces.

Inventory:

Hand Weapons
 a - a +2 mace (weapon)
 f - a +0 morningstar
Missiles
 e - 33 poisoned needles
 g - 119 stones (quivered)
 h - 76 arrows
 u - 65 sling bullets
Armour
 k - a +0 cloak (worn)
 m - a +0 scale mail (worn)
 n - a +0 pair of gloves (worn)
 q - a +0 large shield
 s - a +0 buckler (worn)
Jewellery
 d - an uncursed amulet of magic regeneration
 j - an uncursed ring of fire
 l - a ring of protection from fire (right hand)
 w - a ring of protection from magic (left hand)
 z - a cursed amulet of inaccuracy {unknown}
 A - an uncursed ring of ice {unknown}
Wands
 x - a wand of polymorph (7)
Scrolls
 i - 2 scrolls of teleportation
 o - 4 scrolls of identify
 p - a scroll of blinking
 t - 2 scrolls of magic mapping {unknown}
 y - a scroll of remove curse
Potions
 b - a potion of might {unknown}
 r - a potion of haste
 v - a potion of curing {unknown}
Comestibles
 c - 2 rations


   Skills:
 + Level 5.2 Fighting
 * Level 7.3 Maces & Flails
 + Level 4.4 Armour
 - Level 1.4 Dodging
 * Level 3.1 Shields
 - Level 2.2 Invocations


You had 6 spell levels left.
You didn't know any spells.
Your spell library was empty.

Dungeon Overview and Level Annotations

Branches:
Dungeon (5/15)
 Temple: D:4-7

Altars:
Dithmenos

Annotations:
D:4 Pikel


Innate Abilities, Weirdness & Mutations

You reflexively headbutt those who attack you in melee.
You have a pair of horns on your head.


Message History

The hornet stings you.
You feel as though you will be slow longer.
You hit the hornet.
You headbutt the hornet, but do no damage.
The hornet is moderately wounded.
* * * LOW HITPOINT WARNING * * *
You feel very sick. The hornet stings you!
* * * LOW HITPOINT WARNING * * *
You feel as though you will be slow longer.
The hornet barely misses you.
* * * LOW HITPOINT WARNING * * *
You feel very sick. The hornet closely misses you. You furiously retaliate!
You headbutt the hornet, but do no damage.
The hornet barely misses you. You furiously retaliate!
You headbutt the hornet!
* * * LOW HITPOINT WARNING * * *
You feel very sick.
The hornet stings you but does no damage.
You die...

#.........#.#
#.#'#.#'#.#.#
#.#.#.#...#.#
#.#.#.#.[<#.######
#.#.#.#.###>......
#.#.#.#รท..........
#.#.....###.##.###
####.###.#.###p##.#
#.##@#...#........#
#.y..#.#######....#
#)####. ###.## #.#
# #... #.# # #####
#)# .. #.# ... #.#
.... #.# .....


You could see a hornet.

Vanquished Creatures
  Grinder (D:4)
  A water moccasin (D:4)
  4 slaves
  An ice beast (D:4)
  A centaur (D:5)
  A jelly (D:2)
  An orc wizard (D:3)
  A worker ant (D:4)
  9 adders
  A worm (D:4)
  3 dart slugs
  A leopard gecko (D:5)
  7 orcs (D:3)
  3 giant cockroaches
  7 hobgoblins
  5 jackals
  7 bats
  2 frilled lizards
  5 goblins
  2 kobolds
  8 rats
71 creatures vanquished.

Notes
Turn   | Place    | Note
-------+----------+-------------------------------------------
     0 | Abyss:1  | HerrDoktor the Minotaur Abyssal Knight began the quest for
                  | the Orb.
     0 | Abyss:1  | Reached XP level 1. HP: 19/19 MP: 1/1
     0 | D:1      | Escaped the Abyss
   105 | D:1      | Reached * piety under Lugonu
   263 | D:1      | Reached XP level 2. HP: 27/27 MP: 2/2
   872 | D:1      | Reached skill level 3 in Maces & Flails
   954 | D:2      | Reached XP level 3. HP: 33/33 MP: 3/3
  1144 | D:2      | Reached XP level 4. HP: 39/41 MP: 4/4
  1277 | D:2      | Reached skill level 1 in Shields
  1484 | D:2      | Reached skill level 4 in Maces & Flails
  1960 | D:3      | Reached ** piety under Lugonu
  2024 | D:3      | Reached XP level 5. HP: 46/47 MP: 5/5
  2337 | D:3      | Found a shadowy altar of Dithmenos.
  2578 | D:4      | Noticed Grinder
  2578 | D:4      | Paralysed by Grinder for 5 turns
  2603 | D:4      | Paralysed by Grinder for 5 turns
  2630 | D:4      | Paralysed by Grinder for 2 turns
  2635 | D:4      | Killed Grinder
  2635 | D:4      | Reached skill level 5 in Fighting
  2635 | D:4      | Reached skill level 6 in Maces & Flails
  2635 | D:4      | Reached XP level 6. HP: 33/56 MP: 6/6
  2941 | D:4      | Noticed a water moccasin
  2941 | D:4      | an ogre changed into a water moccasin
  2949 | D:4      | Killed a water moccasin
  2949 | D:4      | Reached XP level 7. HP: 54/61 MP: 7/7
  3292 | D:5      | Entered Level 5 of the Dungeon
  3295 | D:5      | Noticed Pikel
  3670 | D:4      | Reached skill level 7 in Maces & Flails
  4090 | D:5      | Noticed a hornet
  4090 | D:5      | an ogre changed into a hornet
  4091 | D:5      | Paralysed by a hornet for 3 turns
  4097 | D:5      | HP: 2/61 [poisoned by a hornet]
  4098 | D:5      | Succumbed to a hornet's poison

Vault maps used:
D:1:      minmay_arrival_split_and_join, hangedman_decor_points
D:2:      minmay_crystal_room
D:3:      lemuel_coloured_pillars_altar
D:4:      uniq_grinder
D:5:      temple_hall, first_ration, st_stairs_13, uniq_pikel
Abyss:1:  evilmike_abyss_exit_plants, evilmike_abyss_exit_chaos

Skill      XL: |  1  2  3  4  5  6  7 |
---------------+----------------------+-----
Invocations    | 2 |  2.2
Fighting       | 4 5 |  5.2
Maces & Flails | 3 4 6 7 |  7.3
Shields        | 1 2 3 |  3.1
Armour         | 3 4 |  4.4
Dodging        | |  1.4

Action                   |  1- 3 |  4- 6 |  7- 9 || total
-------------------------+-------+-------+-------++-------
Melee: Mace              |    67 |   103 |    66 ||   236
       Headbutt          |     8 |    13 |    12 ||    33
Throw: Stone             |       |     1 |       ||     1
Invok: Depart the Abyss  |     1 |       |       ||     1
Evoke: Wand              |       |     1 |     4 ||     5
  Use: Scroll            |       |    10 |       ||    10
       Potion            |       |       |     1 ||     1
  Eat: Chunk             |       |     7 |       ||     7
       Ration            |       |       |     1 ||     1
Armor: Leather armour    |    18 |       |       ||    18
       Scale mail        |     8 |    31 |    30 ||    69
Dodge: Dodged            |    46 |    36 |    26 ||   108
Block: Large shield      |     1 |    13 |       ||    14
       Buckler           |       |    11 |    14 ||    25

Table legend:
 A = Non-vault XP
 B = Vault XP
 C = Vault XP percentage of total XP
 D = Non-vault monster count
 E = Vault monster count
 F = Vault count percentage of total count
                 A         B        C        D         E       F
            +---------+---------+-------+---------+---------+-------
      Total |     614 |     377 |  38.0 |      65 |       2 |   3.0
            +---------+---------+-------+---------+---------+-------
        D:1 |      33 |       0 |   0.0 |      18 |       0 |   0.0
        D:2 |     134 |       0 |   0.0 |      19 |       0 |   0.0
        D:3 |     107 |       0 |   0.0 |      20 |       0 |   0.0
        D:4 |     337 |     267 |  44.2 |       7 |       1 |  12.5
        D:5 |       3 |     110 |  97.3 |       1 |       1 |  50.0
            +---------+---------+-------+---------+---------+-------
